 Dungeon Crawl Stone Soup version 0.20.0-15-g7f486f2 (webtiles) character file.

4657 Angamoth the Cleaver (level 10, 0/93 HPs)
             Began as a Minotaur Fighter on June 10, 2017.
             Was a Priest of Makhleb.
             Slain by a nine-headed hydra (7 damage)
             ... on level 9 of the Dungeon.
             The game lasted 00:30:01 (6737 turns).

Angamoth the Cleaver (Minotaur Fighter)             Turns: 6737, Time: 00:30:01

Health: 0/93       AC: 16    Str: 26    XL:     10   Next: 20%
Magic:  9/9        EV:  7    Int:  7    God:    Makhleb [***...]
Gold:   513        SH: 16    Dex: 15    Spells: 9/9 levels left

rFire    . . .     SeeInvis +   A - +1 hand axe (vamp)
rCold    + + +     Gourm    .   c - +0 shield
rNeg     . . .     Faith    .   l - +4 chain mail of Fetaucs {*Drain rC++ Dex+3}
rPois    +         Spirit   .   (helmet restricted)
rElec    .         Reflect  +   (no cloak)
rCorr    .         Harm     .   v - +0 pair of gloves
MR       +....     NoTele   +   (no boots)
Stlth    ..........             F - amulet of New Discoveries {Reflect -Tele rPois rC+ Str+4 SH+4}
Regen    0.3/turn               u - ring of see invisible
MPRegen  0.2/turn               H - ring of protection from magic

@: no status effects
A: retaliatory headbutt, horns 2, thin skeletal structure 1, screaming 1
a: Minor Destruction, Lesser Servant of Makhleb, Renounce Religion


You were on level 9 of the Dungeon.
You worshipped Makhleb.
Makhleb was most pleased with you.
You were not hungry.

You visited 1 branch of the dungeon, and saw 9 of its levels.

You collected 513 gold pieces.

Inventory:

Hand Weapons
 a - a +0 war axe
 A - a +1 vampiric hand axe (weapon)
 B - a +0 war axe
Armour
 c - a +0 shield (worn)
 l - the +4 chain mail of Fetaucs (worn) {*Drain rC++ Dex+3}
   (You found it on level 6 of the Dungeon)

   It affects your dexterity (+3).
   It greatly protects you from cold.
   It causes draining when unequipped.
 v - a +0 pair of gloves (worn)
 G - the +1 ring mail "Riliem" {MR+ Regen+ rCorr MP+9}
   (You found it on level 6 of the Dungeon)

   It affects your resistance to hostile enchantments.
   It affects your magic capacity (+9).
   It increases your rate of regeneration.
   It protects you from acid and corrosion.
Jewellery
 g - an uncursed ring of ice
 u - a ring of see invisible (left hand)
 w - an uncursed ring of magical power
 F - the amulet of New Discoveries (around neck) {Reflect -Tele rPois rC+ Str+4 SH+4}
   (You found it on level 6 of the Dungeon)

   [amulet of reflection]

   It shields you and reflects attacks.
   It affects your strength (+4).
   It protects you from cold.
   It protects you from poison.
   It prevents most forms of teleportation.
   It affects your SH (+4).
 H - a ring of protection from magic (right hand)
Wands
 i - a wand of random effects (32/48)
 p - a wand of flame (26/48)
 t - a wand of paralysis (7/24)
 y - a wand of flame (25/48)
 D - a wand of flame (31/48)
Scrolls
 e - 8 scrolls of remove curse
 n - 2 scrolls of fog
 q - 4 scrolls of teleportation
 C - a scroll of identify
Potions
 b - 2 potions of flight {unknown}
 d - a potion of might
 h - 2 potions of ambrosia {unknown}
 j - a potion of brilliance {unknown}
 k - a potion of resistance {unknown}
 r - a potion of curing {unknown}
 s - a potion of berserk rage {unknown}
 x - 2 potions of magic {unknown}
 z - a potion of lignification {unknown}
 E - 2 potions of invisibility {unknown}
Comestibles
 f - 6 bread rations
 m - 4 meat rations
 o - a royal jelly
 I - a chunk of flesh


   Skills:
 - Level 10.0 Fighting
 + Level 11.5 Axes
 + Level 7.6 Armour
 + Level 8.5 Shields


You had 9 spell levels left.
You didn't know any spells.

Dungeon Overview and Level Annotations

Branches:
Dungeon (9/15)             Temple (0/1) D:5
   Lair: D:8-11         Orc: D:9-12

Altars:
Elyvilon
Kikubaaqudgha
Makhleb
Okawaru
Ru
Sif Muna
Uskayaw
Xom
Yredelemnul

Shops:
D:6 }   D:8 (

Annotations:
D:8 Reinor's ghost, novice SpEE


Innate Abilities, Weirdness & Mutations

You reflexively headbutt those who attack you in melee.
You have a pair of horns on your head.
You have a somewhat thin skeletal structure. (Dex +2, Stealth)
You occasionally shout uncontrollably at your foes.


Message History

The eight-headed hydra bites you!
* * * LOW HITPOINT WARNING * * *
The eight-headed hydra bites you!
* * * LOW HITPOINT WARNING * * *
You see here a short sword.
You hit the orc.
You feel better.
The orc is moderately wounded.
You hit the eight-headed hydra.
You feel better. The orc hits you but does no damage.
An orc wizard comes into view. It is wielding a dagger of draining.
You slash the orc!
You feel better.
You kill the orc!
Makhleb accepts your kill.
You slice one of the eight-headed hydra's heads off!
The seven-headed hydra grows two more!
You hit the nine-headed hydra.
You block the nine-headed hydra's attack.
The nine-headed hydra bites you.
* * * LOW HITPOINT WARNING * * *
The nine-headed hydra bites you!
You die...

#####+## ###....
#......# ###.ยง.#โ‰ˆ.
#......#
####.....#โ‰ˆโ‰ˆ
#......###....#...###
#......'...####......
#......##### ##.####
#......# #.. ####D###
##.. #@# #.. ###)#
### #.o.# ##o######
#<......# #....<..#
#.......# #.......#
+.......#


You could see a nine-headed hydra, an orc wizard and an orc.

Vanquished Creatures
  Psyche (D:8)
  A komodo dragon (D:9)
  A hippogriff (D:7)
  A vampire (D:7)
  Eustachio (D:5)
  A sky beast (D:7)
  2 orc warriors
  An ice beast (D:9)
  A black bear (D:8)
  3 ogres
  2 phantoms
  A centaur (D:7)
  A big kobold (D:7)
  5 bullfrogs
  3 scorpions
  9 killer bees
  5 wights (D:6)
  11 howler monkeys
  5 crimson imps
  A centaur zombie (D:5)
  A quasit (D:7)
  An orc priest (D:8)
  2 hounds (D:6)
  A jelly (D:8)
  5 orc wizards
  A bullfrog skeleton (D:8)
  6 worker ants
  2 hound skeletons (D:8)
  A mummy (D:4)
  A worker ant zombie (D:5)
  7 gnolls
  10 adders
  2 shadow imps
  An ooze (D:1)
  4 adder skeletons
  A dart slug (D:3)
  3 worms
  8 leopard geckos
  25 orcs
  9 giant cockroaches
  11 goblins
  8 hobgoblins
  9 jackals
  A quokka (D:9)
  3 ball pythons
  5 bats
  7 frilled lizards
  A hobgoblin zombie (D:4)
  A jackal skeleton (D:7)
  16 kobolds
  A kobold zombie (D:4)
  A leopard gecko skeleton (D:6)
  2 orc zombies (D:4)
  15 rats
  A spectral orc (D:8)
229 creatures vanquished.

Notes
Turn   | Place    | Note
-------+----------+-------------------------------------------
     0 | D:1      | Angamoth the Minotaur Fighter began the quest for the Orb.
     0 | D:1      | Reached XP level 1. HP: 19/19 MP: 0/0
   108 | D:1      | Reached XP level 2. HP: 21/27 MP: 1/1
   397 | D:1      | Reached skill level 5 in Fighting
   399 | D:1      | Reached XP level 3. HP: 36/36 MP: 2/2
   904 | D:2      | Reached XP level 4. HP: 37/44 MP: 3/3
  1149 | D:2      | Found a glowing golden altar of the Shining One.
  1151 | D:2      | Found a shimmering altar of Xom.
  1151 | D:2      | Found a snail-covered altar of Cheibriados.
  1153 | D:2      | Found a shadowy altar of Dithmenos.
  1153 | D:2      | Found a glowing silver altar of Zin.
  1153 | D:2      | Found a hazy altar of Hepliaklqana.
  1538 | D:3      | Reached XP level 5. HP: 45/51 MP: 4/4
  1620 | D:3      | Reached skill level 3 in Axes
  1935 | D:5      | Entered Level 5 of the Dungeon
  1966 | D:4      | Noticed an ogre
  1981 | D:4      | Killed an ogre
  1981 | D:4      | Reached skill level 4 in Axes
  1981 | D:4      | Reached XP level 6. HP: 44/60 MP: 5/5
  2054 | D:4      | Gained mutation: You are dopey. (Int -2) [potion of mutation]
  2054 | D:4      | Gained mutation: You occasionally shout uncontrollably at your foes. [potion of mutation]
  2054 | D:4      | Lost mutation: You are dopey. (Int -2) [potion of mutation]
  2054 | D:4      | Gained mutation: You have a somewhat thin skeletal structure. (Dex +2, Stealth) [potion of mutation]
  2361 | D:4      | Reached skill level 5 in Axes
  2614 | D:4      | Found a shimmering altar of Xom.
  2617 | D:4      | Found a burning altar of Makhleb.
  2621 | D:4      | Became a worshipper of Makhleb the Destroyer
  2664 | D:4      | Reached XP level 7. HP: 67/67 MP: 6/6
  2843 | D:4      | Reached skill level 6 in Axes
  2905 | D:4      | Found an iron altar of Okawaru.
  3275 | D:5      | Noticed Eustachio
  3308 | D:5      | Reached skill level 7 in Axes
  3315 | D:5      | Killed Eustachio
  3315 | D:5      | Reached XP level 8. HP: 36/78 MP: 7/7
  3328 | D:5      | Got a twisted buckler
  3339 | D:5      | Identified the +2 buckler of Exclusion {Regen+ rCorr Str-4 Int-4} (You found it on level 5 of the Dungeon)
  3467 | D:5      | Found a staircase to the Ecumenical Temple.
  3964 | D:6      | Got a pitted platinum amulet
  3966 | D:6      | Identified the amulet of New Discoveries {Reflect -Tele rPois rC+ Str+4 SH+4} (You found it on level 6 of the Dungeon)
  4018 | D:6      | Reached skill level 8 in Axes
  4024 | D:6      | Reached * piety under Makhleb
  4030 | D:6      | Got a shimmering ring mail
  4041 | D:6      | Identified the +1 ring mail "Riliem" {MR+ Regen+ rCorr MP+9} (You found it on level 6 of the Dungeon)
  4211 | D:6      | Got a slimy chain mail
  4222 | D:6      | Identified the +4 chain mail of Fetaucs {*Drain rC++ Dex+3} (You found it on level 6 of the Dungeon)
  4252 | D:6      | Found Saf Lerch's Gadget Boutique.
  4314 | D:6      | Reached skill level 5 in Armour
  4328 | D:6      | Reached skill level 10 in Fighting
  4328 | D:6      | Reached skill level 5 in Shields
  4624 | D:6      | Reached skill level 9 in Axes
  4650 | D:6      | Reached XP level 9. HP: 73/85 MP: 8/8
  4865 | D:7      | Reached ** piety under Makhleb
  4946 | D:7      | Reached skill level 10 in Axes
  5304 | D:7      | Found a deep blue altar of Sif Muna.
  5307 | D:7      | Found a sacrificial altar of Ru.
  5310 | D:7      | Found an ancient bone altar of Kikubaaqudgha.
  5502 | D:7      | Found a hide-covered altar of Uskayaw.
  5696 | D:8      | Found a basalt altar of Yredelemnul.
  5791 | D:8      | Reached *** piety under Makhleb
  5822 | D:8      | Found Tixuor's Antique Weapon Shoppe.
  5958 | D:8      | Reached skill level 11 in Axes
  5996 | D:9      | Noticed a komodo dragon
  6005 | D:9      | Killed a komodo dragon
  6005 | D:9      | Reached XP level 10. HP: 93/93 MP: 9/9
  6051 | D:8      | Noticed Psyche
  6070 | D:8      | Killed Psyche
  6659 | D:8      | Noticed Reinor's ghost (novice SpEE)
  6703 | D:9      | Found a white marble altar of Elyvilon.
  6712 | D:9      | Noticed a seven-headed hydra
  6737 | D:9      | Slain by a nine-headed hydra

Skill      XL: |  1  2  3  4  5  6  7  8  9 10 |
---------------+-------------------------------+-----
Fighting       | 4 5 6 7 9 10 | 10.0
Axes           | 4 5 7 9 11 | 11.5
Shields        | 4 5 7 8 |  8.5
Armour         | 4 5 7 |  7.6

Action                   |  1- 3 |  4- 6 |  7- 9 | 10-12 || total
-------------------------+-------+-------+-------+-------++-------
Melee: War axe           |   123 |   137 |   136 |       ||   396
       Headbutt          |    11 |    20 |    85 |    22 ||   138
       Hand axe          |       |       |   230 |    83 ||   313
  Use: Scroll            |     1 |     3 |     4 |       ||     8
       Potion            |       |     2 |     1 |       ||     3
 Stab: Invisible         |       |       |       |     4 ||     4
  Eat: Chunk             |       |     6 |     7 |     2 ||    15
       Royal jelly       |       |       |     2 |       ||     2
       Meat ration       |       |       |     1 |       ||     1
Armor: Scale mail        |    41 |    63 |    45 |       ||   149
       Ring mail         |       |       |     9 |       ||     9
       Chain mail        |       |       |    71 |    28 ||    99
Dodge: Dodged            |    37 |    44 |    70 |    19 ||   170
Block: Shield            |    62 |    68 |   209 |    70 ||   409
       Reflection        |       |       |     6 |     1 ||     7
